 Dungeon Crawl Stone Soup version 0.31-a0-236-g9a0961fb85 (webtiles) character file.

Game seed: 2627196514798082686

297 Nietzsche the Cudgeller (level 6, -3/51 HPs)
             Began as a Hill Orc Reaver on July 10, 2023.
             Slain by an orc warrior
             ... wielding a +0 trident
              (15 damage)
             ... on level 3 of the Dungeon.
             The game lasted 00:05:28 (2136 turns).

Nietzsche the Cudgeller (Hill Orc Reaver)           Turns: 2136, Time: 00:05:29

Health: -3/51      AC:  3    Str: 15    XL:     6   Next: 35%
Magic:  8/8        EV: 11    Int: 15    God:
Gold:   121        SH:  0    Dex:  9    Spells: 7/8 levels left

rFire   . . .        a - +0 mace
rCold   . . .        (no shield)
rNeg    . . .        b - +0 leather armour
rPois   .            (no helmet)
rElec   .            (no cloak)
rCorr   .            (no gloves)
SInv    .            (no boots)
Will    .....        (no amulet)
Stlth   +            (no ring)
HPRegen 0.28/turn    (no ring)
MPRegen 0.11/turn

%: no passive effects
@: no status effects
A: no striking features
a: Convert to Beogh


You were on level 3 of the Dungeon.
You visited 1 branch of the dungeon, and saw 4 of its levels.

You collected 121 gold pieces.

Inventory:

Hand Weapons
 a - a +0 mace (weapon)
Armour
 b - a +0 leather armour (worn)
 l - a +0 robe of resistance
Magical Staves
 e - a staff of poison
Wands
 m - a wand of polymorph (9)
Scrolls
 d - 3 scrolls of teleportation {unknown}
 f - 2 scrolls of identify {unknown}
 g - a scroll of fear {unknown}
 k - 2 scrolls of noise {unknown}
Potions
 c - a potion of mutation {unknown}
 h - a potion of experience {unknown}
 i - a potion of magic
 j - a potion of degeneration {unknown}


   Skills:
 + Level 3.4 Fighting
 + Level 5.2 Maces & Flails
 + Level 2.9 Armour
 + Level 2.5 Dodging
 + Level 1.1 Unarmed Combat
 + Level 1.6 Spellcasting
 + Level 3.3 Conjurations


You had 7 spell levels left.
You knew the following spells:

 Your Spells              Type           Power      Damage    Failure   Level
a - Kiss of Death         Conj/Necr      24%        2d7       14%         1

Your spell library contained the following spells:

 Spells                   Type           Power      Damage    Failure   Level
 Momentum Strike          Conj/Tloc      12%        3d8       22%         2
 Hailstorm                Conj/Ice       6%         3d4       38%         3
 Vhi's Electric Charge    Tloc/Air       2%         N/A       65%         3
 Arcjolt                  Conj/Air       3%         1d13      98%         5
 Maxwell's Capacitive Co  Air            0%         ∞         100%        8


Dungeon Overview and Level Annotations

Branches:
Dungeon (4/15)
 Temple: D:4-7

Altars:


Message History

There is a stone staircase leading down here.
You climb downwards.
There is a stone staircase leading up here.
The orc warrior hits you from afar with a +0 trident.
There is a stone staircase leading up here.
The orc warrior misses you.
You see here a +0 hand axe.
The orc warrior hits you from afar with a +0 trident!
There is a stone staircase leading up, spattered with blood here.
The orc warrior unwields a +0 trident.
The orc warrior wields a +0 orcbow.
The orc warrior shoots an arrow.
The arrow hits you!
You climb upwards.
There is a stone staircase leading down here.
HP restored.
Done exploring.
There is a stone staircase leading down here.
You climb downwards.
The orc warrior shoots an arrow.
The arrow barely misses you.
There is a stone staircase leading up, spattered with blood here.
The orc warrior shoots an arrow.
The arrow barely misses you.
There is a stone staircase leading up, spattered with blood here.
The orc warrior shoots an arrow.
The arrow barely misses you.
The orc warrior shoots an arrow.
The arrow misses you.
There is a stone staircase leading up, spattered with blood here.
The orc warrior unwields a +0 orcbow.
The orc warrior wields a +0 trident.
The orc warrior hits you with a +0 trident!
The orc priest shouts, "Beogh is our master!
Accept the truth or die!"
You see here a +0 hand axe.
You hit the orc warrior.
The orc warrior is lightly wounded.
The orc warrior hits you with a +0 trident!
You hit the orc warrior.
The orc warrior is moderately wounded.
The orc warrior hits you with a +0 trident.
The orc priest calls down the wrath of Beogh upon you.
Pain shoots through your body!
* * * LOW HITPOINT WARNING * * *
The orc warrior attacks as you move away!
The orc warrior hits you with a +0 trident!
You die...

# .....#.##......>..# #.
#....##...!.....#
#..####...............#
#.....................#
##........#o###........#
#....##.###.....#.######
..... #.# #.o####..#
.....##<###o.# ##..#
......o@##...# #.....
##......o...## .....
#.....[....# #.....
............##### #.....
................< .>....
............#######.....
..................#.....
..#####.......###.......
.. #.......# ##......


You could see an orc warrior and an orc priest.

Vanquished Creatures
  Grinder (D:3)
  An orc wizard (D:3)
  3 adders (D:2)
  A worm (D:1)
  A dart slug (D:2)
  3 orcs
  2 ball pythons (D:2)
  2 endoplasms (D:2)
  A giant cockroach (D:2)
  2 goblins
  A hobgoblin (D:2)
  7 jackals
  A quokka (D:1)
  5 bats
  6 frilled lizards
  3 kobolds
  5 rats (D:2)
45 creatures vanquished.

Notes
Turn   | Place    | Note
-------+----------+-------------------------------------------
     0 | D:1      | Nietzsche the Hill Orc Reaver began the quest for the Orb.
     0 | D:1      | Reached XP level 1. HP: 18/18 MP: 3/3
   115 | D:1      | Reached XP level 2. HP: 17/25 MP: 4/4
   656 | D:2      | Reached XP level 3. HP: 5/30 MP: 5/5
   789 | D:2      | Reached skill level 4 in Maces & Flails
   981 | D:2      | Reached skill level 1 in Armour
  1129 | D:2      | Reached XP level 4. HP: 24/37 MP: 6/6
  1233 | D:2      | You fall into a shaft and drop 2 floors!
  1251 | D:3      | Noticed an orc warrior
  1257 | D:3      | Noticed Grinder
  1283 | D:3      | Killed Grinder
  1284 | D:3      | Reached skill level 5 in Maces & Flails
  1284 | D:3      | Reached skill level 1 in Unarmed Combat
  1284 | D:3      | Reached XP level 5. HP: 28/45 MP: 7/7
  1284 | D:3      | Reached XP level 6. HP: 32/51 MP: 8/8
  2136 | D:3      | Slain by an orc warrior

Illustrated notes

Levels and vault maps discovered:
D:1:      denvon_arrival_planthouse, layout_rooms, hangedman_glass_teeth
D:2:      minmay_door_path, layout_rooms
D:3:      layout_rooms, minmay_joined_circles, uniq_grinder
D:4:      layout_loops_cross, cheibrodos_sewer_entry_bend, minmay_quantized,
          uniq_ijyb, uniq_pikel

Skill      XL: |  1  2  3  4 |
---------------+-------------+-----
Maces & Flails | 4 5 |  5.2
Armour         | 1 2 |  2.9
Fighting       | 3 |  3.4
Dodging        | 2 |  2.5
Unarmed Combat | 1 |  1.1
Spellcasting   | |  1.6
Conjurations   | |  3.3

Action                     |  1- 3 |  4- 6 || total
---------------------------+-------+-------++-------
  Melee: Mace              |   124 |    43 ||   167
         Unarmed           |       |    34 ||    34
         Punch             |       |     1 ||     1
    Use: Potion            |       |     4 ||     4
 Armour: Leather armour    |    54 |    26 ||    80
         Skin              |       |    22 ||    22
  Dodge: Dodged            |    77 |   109 ||   186

Table legend: (Time is in decaauts)
 A = Elapsed time spent in this place.
 B = Non-inter-level travel time spent in this place.
 C = Inter-level travel time spent in this place.
 D = Time resting spent in this place.
 E = Time spent auto-exploring this place.
 F = Levels seen in this place.
 G = Mean time per level.
                   A        B        C        D        E       F      G
               +--------+--------+--------+--------+--------+-----+--------+
         Total |   2150 |   1976 |    174 |      0 |   1434 |   4 |  537.5 |
       Dungeon |   2150 |   1976 |    174 |      0 |   1434 |   4 |  537.5 |
               +--------+--------+--------+--------+--------+-----+--------+

Top non-repeatable levels by time:
     D:2: 1296 daAuts
     D:1: 658 daAuts
     D:3: 179 daAuts
     D:4: 15 daAuts
